 Dungeon Crawl Stone Soup version 0.32-a0-612-g1c984fe9d1 (webtiles) character file.

Game seed: 10925829671093454463

935 ezpacito the Trooper (level 8, -7/57 (61) HPs)
             Began as a Coglin Chaos Knight on Mar 4, 2024.
             Was a Plaything of Xom.
             Mangled by a yak (8 damage)
             ... on level 5 of the Dungeon.
             The game lasted 00:05:24 (3845 turns).

ezpacito the Trooper (Coglin Chaos Knight)          Turns: 3845, Time: 00:05:25

HP:   -7/57 (61)    AC: 12    Str: 13    XL:     8   Next: 11%
MP:   10/10         EV:  7    Int: 16    God:    Xom [*.....]
Gold: 213           SH:  0    Dex: 13    Spells: 2/10 levels left

rFire   . . .        a - +0 hand axe (chaos) {Karl}
rCold   . . .        n - +4 whip {Wanphen}
rNeg    . . .        r - +0 chain mail
rPois   .            v - +0 hat
rElec   .            (no cloak)
rCorr   .            (no gloves)
SInv    .            e - +0 pair of boots
Will    .....        (amulet unavailable) Stlth
                     (ring unavailable)
HPRegen 0.29/turn    (ring unavailable)
MPRegen 0.12/turn    (no gizmo)

%: no passive effects
@: lethally poisoned (-7 -> -36), about to teleport, slowed, drained, very slow
A: off-hand wielding, slow wielding, warmup strikes, no jewellery, iridescent
scales 1, clever 1, persistent drain
a: Invent Gizmo, Renounce Religion


You were on level 5 of the Dungeon.
You worshipped Xom.
You were a special plaything of Xom.
You visited 1 branch of the dungeon, and saw 5 of its levels.

You collected 295 gold pieces.
You spent 82 gold pieces at shops.

Inventory:

Hand Weapons
 a - a +0 hand axe of chaos (weapon) {Karl}
 n - a +4 whip (offhand) {Wanphen}
Missiles
 f - 15 poisoned darts (quivered)
 o - a throwing net
Armour
 e - a +0 pair of boots (worn)
 r - a +0 chain mail (worn)
 v - a +0 hat (worn)
Magical Staves
 g - a staff of alchemy
Wands
 i - a wand of paralysis (10)
Scrolls
 b - a scroll of amnesia {unknown}
 h - a scroll of fog
 j - 2 scrolls of vulnerability
 k - a scroll of acquirement {unknown}
 m - 3 scrolls of noise
 p - a scroll of immolation
 q - a scroll of enchant weapon {unknown}
 t - 2 scrolls of teleportation
 u - a scroll of fear {unknown}
 x - a scroll of revelation {unknown}
 y - a scroll of summoning {unknown}
Potions
 c - 2 potions of resistance {unknown}
 d - a potion of might
 l - a potion of heal wounds
 s - a potion of attraction {unknown}
 w - a potion of berserk rage


   Skills:
 * Level 4.7 Fighting
 * Level 4.6(5.0) Axes
 + Level 1.7(3.2) Maces & Flails
 + Level 1.7(3.2) Polearms
 * Level 3.6 Armour
 * Level 3.2 Dodging
 + Level 1.8 Spellcasting
 + Level 2.2 Alchemy
 + Level 2.8 Evocations


You had 2 spell levels left.
You knew the following spells:

 Your Spells              Type           Power      Damage    Failure   Level
c - Petrify               Alch/Erth      4%         N/A       100%        4
s - Slow                  Hex            4%         N/A       98%         1
x - Vampiric Draining     Necr           1%         2d6       100%        3

Your spell library contained the following spells:

 Spells                   Type           Power      Damage    Failure   Level
 Sting                    Conj/Alch      16%        1d4       94%         1
 Apportation              Tloc           2%         N/A       98%         1
 Necrotise                Necr           4%         1d4       98%         1
 Summon Small Mammal      Summ           4%         N/A       98%         1
 Sublimation of Blood     Necr           1%         N/A       99%         2
 Confusing Touch          Hex            1%         N/A       100%        3
 Sigil of Binding         Hex            1%         N/A       100%        3
 Irradiate                Conj/Alch      2%         3d12      100%        5


Dungeon Overview and Level Annotations

Branches:
Dungeon (5/15)
 Temple: D:4-7

Altars:
Kikubaaqudgha
Xom
The Shining One

Shops:
D:2 !*:[?


Innate Abilities, Weirdness & Mutations

You can wield a second weapon in your off-hand.
It takes a long time for you to wield or remove held weapons.
Your first few attacks do less damage.
You cannot equip rings or amulets.
You are partially covered in iridescent scales. (AC +2)
Your mind is acute. (Int +4, Str/Dex -1)
Your health recovers twice as slowly from being drained.


Message History

Aiming: Paralyse
Press: ? - help, Shift-Dir - straight line, f - yak
Aim: a yak (chance to affect: 55%)
The yak resists with significant effort.
Xom's power touches on a nearby monster.
The yak evaporates and reforms as a death drake!
A yak comes into view.
The death drake breathes miasma at you.
The foul vapour engulfs you but does no damage.
As you read the scroll of immolation, it crumbles to dust.
The creatures around you are filled with an inner flame!
You are engulfed in dark miasma.
You are poisoned.
You feel very sick.
You take 8 damage, and have 49/57 hp.
Okay, then.
Okay, then.
Okay, then.
You throw a poisoned dart.
The poisoned dart closely misses the yak.
You are engulfed in dark miasma.
You are more poisoned.
You feel yourself slow down.
You feel extremely sick.
You take 8 damage, and have 41/57 hp.
You throw a poisoned dart. The poisoned dart hits the yak.
The yak is poisoned.
You are engulfed in dark miasma.
You are lethally poisoned!
* * * LOW HITPOINT WARNING * * *
You feel extremely sick.
Flame seeps out of the yak.
The yak is engulfed in blazing flames.
Flame seeps out of the yak.
The yak gores you.
* * * LOW HITPOINT WARNING * * *
You take 27 damage, and have 14/57 hp.
MASSIVE DAMAGE!!
As you read the scroll of teleportation, it crumbles to dust.
You feel strangely unstable.
* * * LOW HITPOINT WARNING * * *
You feel extremely sick. The yak gores you!
You die...
Xom cackles wildly!

#..###..###
#..#......##
##....#....#
####.#....#
#....###...#
#...#..#
##.... #..
##.## ... #.
#..# .. #
##@# . #kY#
...°°
..#.Y... #..
....... #.#
....... ..
....... ...
.......


You could see a death drake (inner flame) and 2 yaks.

Vanquished Creatures
  Grinder (D:3)
  A swamp drake (D:3)
  A black bear (D:3)
  2 ogres (D:4)
  A bombardier beetle (D:4)
  3 hounds
  A gnoll bouda (D:4)
  An iguana (D:4)
  2 orc wizards (D:5)
  7 adders
  A white imp (D:5)
  2 dart slugs (D:3)
  3 ribbon worms
  3 orcs
  4 endoplasms
  5 giant cockroaches
  5 goblins
  11 hobgoblins
  10 jackals
  5 quokkas
  7 ball pythons
  4 bats
  A frilled lizard (D:3)
  8 kobolds
  2 rats
91 creatures vanquished.

Notes
Turn   | Place    | Note
-------+----------+-------------------------------------------
     0 | D:1      | ezpacito the Coglin Chaos Knight began the quest for the
                  | Orb.
     0 | D:1      | Reached XP level 1. HP: 18/18 MP: 1/1
   172 | D:1      | Reached skill level 1 in Dodging
   174 | D:1      | XOM: silly message
   201 | D:1      | Reached XP level 2. HP: 24/24 MP: 2/2
   594 | D:1      | Reached XP level 3. HP: 29/29 MP: 3/3
   642 | D:1      | XOM: silly message
  1130 | D:2      | Found Tabb's Antique Armour Emporium.
  1131 | D:2      | Found Wekhekk's Magic Scroll Shop.
  1144 | D:2      | Bought a scroll of identify for 28 gold pieces
  1160 | D:2      | Found Fimaq's Book Emporium.
  1266 | D:2      | Found Bashykh's Assorted Antiques.
  1280 | D:2      | Bought a scroll labelled XIGHAN CIOM for 24 gold pieces
  1280 | D:2      | Found Neuluemp's Distillery.
  1289 | D:2      | Bought a potion of curing for 30 gold pieces
  1335 | D:2      | Reached skill level 1 in Evocations
  1547 | D:2      | Reached XP level 4. HP: 35/35 MP: 4/4
  1824 | D:3      | Found a shimmering altar of Xom.
  1845 | D:3      | Noticed Grinder
  1846 | D:3      | XOM: divination: magic mapping
  1863 | D:3      | Killed Grinder
  1864 | D:3      | Reached skill level 1 in Polearms
  1864 | D:3      | Reached skill level 1 in Spellcasting
  1864 | D:3      | Reached skill level 1 in Alchemy
  1864 | D:3      | Reached XP level 5. HP: 33/42 MP: 6/6
  1864 | D:3      | Reached XP level 6. HP: 38/48 MP: 7/7
  1915 | D:3      | Noticed a black bear
  1919 | D:3      | XOM: summons friendly white imp
  1923 | D:3      | Killed a black bear
  1924 | D:3      | Reached skill level 1 in Maces & Flails
  1993 | D:3      | a ribbon worm changed into a swamp drake
  1993 | D:3      | Noticed a swamp drake
  1996 | D:3      | Killed a swamp drake
  1997 | D:3      | Reached XP level 7. HP: 49/54 MP: 8/8
  2015 | D:3      | Found a glowing golden altar of the Shining One.
  2314 | D:3      | XOM: give mutation
  2314 | D:3      | Gained mutation: You are frail. (-10% HP) [Xom's mischief]
  2407 | D:3      | Lost mutation: You are frail. (-10% HP) [potion of
                  | mutation]
  2407 | D:3      | Gained mutation: You are partially covered in iridescent
                  | scales. (AC +2) [potion of mutation]
  2407 | D:3      | Gained mutation: Your health recovers twice as slowly from
                  | being drained. [potion of mutation]
  2407 | D:3      | Gained mutation: Your mind is acute. (Int +4, Str/Dex -1)
                  | [potion of mutation]
  2796 | D:4      | XOM: summons 4 hostile demons
  2797 | D:4      | Noticed an orange demon
  2797 | D:4      | Noticed an ice devil
  2964 | D:4      | Learned a level 1 spell: Slow
  2968 | D:4      | Learned a level 3 spell: Vampiric Draining
  2973 | D:4      | Learned a level 4 spell: Petrify
  3148 | D:4      | XOM is BORED!
  3148 | D:4      | XOM: stat loss: -3 Dex (10/13)
  3168 | D:4      | XOM: swap monsters
  3321 | D:4      | XOM: draining
  3386 | D:4      | Paralysed by a kobold for 3 turns
  3407 | D:4      | XOM: swap monsters
  3533 | D:4      | Found an ancient bone altar of Kikubaaqudgha.
  3580 | D:5      | Entered Level 5 of the Dungeon
  3617 | D:5      | Reached XP level 8. HP: 50/54 MP: 10/10
  3829 | D:5      | XOM: 1-stop teleportation journey
  3839 | D:5      | Noticed a yak
  3839 | D:5      | Noticed a yak
  3840 | D:5      | Noticed a yak
  3841 | D:5      | a yak changed into a death drake
  3841 | D:5      | Noticed a death drake
  3841 | D:5      | XOM: polymorph yak -> death drake
  3841 | D:5      | Noticed a yak
  3845 | D:5      | HP: 1/57 [poisoned by a death drake (dark miasma)]
  3845 | D:5      | Mangled by a yak

Illustrated notes

Levels and vault maps discovered:
D:1:      ncdulo_smallfort, layout_loops_ring, serial_forest,
          infiniplex_forest_straight_4, infiniplex_forest_lined_2,
          infiniplex_forest_clump_small, infiniplex_forest_lined_room_2,
          infiniplex_forest_end_2, infiniplex_forest_end_double,
          infiniplex_forest_straight_2
D:2:      layout_rooms, serial_shops, shop,
          nicolae_shop_temple_entry_statues_fountains, shop,
          nicolae_shop_temple_entry_statues_fountains,
          nicolae_shop_pleasant_corner_grove, minmay_tiny_reverse_x
D:3:      layout_loops_ring, overflow_temple_1_default,
          mainiacjoe_overflow_paths, fountainhead, feat_on_display, uniq_grinder
D:4:      minmay_bubble_buster, layout_loops_ring,
          mainiacjoe_overflow_tiny_flanked
D:5:      cheibrodos_two_vegetables, layout_layer_cave, minmay_statues_item

Skill      XL: |  1  2  3  4  5  6  7 |
---------------+----------------------+-----
Dodging        | 1 2 3 |  3.2
Armour         | 2 3 |  3.6
Evocations     | 1 2 |  2.8
Polearms       | 1 |  1.7
Spellcasting   | 1 |  1.8
Alchemy        | 1 2 |  2.2
Fighting       | 4 |  4.7
Maces & Flails | 1 |  1.7
Axes           | 4 |  4.6

Action                     |  1- 3 |  4- 6 |  7- 9 || total
---------------------------+-------+-------+-------++-------
  Melee: Dagger            |    30 |       |       ||    30
         Hand axe          |    63 |    29 |   106 ||   198
         Whip              |    24 |    26 |   101 ||   151
  Throw: Dart              |       |       |     2 ||     2
  Evoke: Wand              |       |       |     1 ||     1
    Use: Scroll            |     5 |     4 |     5 ||    14
         Potion            |       |     2 |     3 ||     5
   Stab: Sleeping          |     1 |       |       ||     1
 Armour: Leather armour    |    26 |       |       ||    26
         Chain mail        |     9 |    31 |   121 ||   161
  Dodge: Dodged            |    40 |    16 |    33 ||    89

Table legend: (Time is in decaauts)
 A = Elapsed time spent in this place.
 B = Non-inter-level travel time spent in this place.
 C = Inter-level travel time spent in this place.
 D = Time resting spent in this place.
 E = Time spent auto-exploring this place.
 F = Levels seen in this place.
 G = Mean time per level.
                   A        B        C        D        E       F      G
               +--------+--------+--------+--------+--------+-----+--------+
         Total |   3853 |   3688 |    165 |    370 |   2597 |   5 |  770.6 |
       Dungeon |   3853 |   3688 |    165 |    370 |   2597 |   5 |  770.6 |
               +--------+--------+--------+--------+--------+-----+--------+

Top non-repeatable levels by time:
     D:4: 1128 daAuts
     D:1: 1111 daAuts
     D:3: 716 daAuts
     D:2: 632 daAuts
     D:5: 265 daAuts
